 Dungeon Crawl Stone Soup version 0.29-a0-878-g7b45a56547 (webtiles) character file.

Game seed: 16796964794880368398

119 concernfroge the Trooper (level 4, -4/39 HPs)
             Began as a Mummy Monk on July 20, 2022.
             Splashed by a jelly's acid (7 damage)
             ... on level 4 of the Dungeon.
             The game lasted 00:09:53 (3274 turns).

concernfroge the Trooper (Mummy Monk)               Turns: 3274, Time: 00:09:54

Health: -4/39      AC: -4    Str: 16    XL:     4   Next: 73%
Magic:  4/4        EV:  7    Int:  9    God:
Gold:   80         SH:  0    Dex: 14    Spells: 3/3 levels left

rFire   . . .      SeeInvis .   a - +0 spear
rCold   . . .      Faith    .   (no shield)
rNeg    + + +      Spirit   .   l - +0 chain mail
rPois   ∞          Reflect  .   (no helmet)
rElec   .          Harm     .   (no cloak)
rCorr   .          Rampage  .   (no gloves)
Will    .....                   (no boots)
Stlth   ..........              (no amulet)
HPRegen 0.13/turn               g - ring of fire
MPRegen 0.09/turn               (no ring)

@: about to teleport, corroded
A: cold resistance 1, negative energy resistance 3, torment resistance 2, heat
vulnerability 1, in touch with death 1, no potions
a: no special abilities


You were on level 4 of the Dungeon.
You visited 1 branch of the dungeon, and saw 4 of its levels.

You collected 80 gold pieces.

Inventory:

Hand Weapons
 a - a +0 spear (weapon)
Armour
 l - a +0 chain mail (worn)
Jewellery
 g - a ring of fire (left hand)
Scrolls
 b - a scroll of vulnerability
 c - a scroll of blinking
 h - a scroll of immolation
 i - a scroll of fog


   Skills:
 + Level 5.5 Fighting
 - Level 2.4 Polearms
 - Level 2.4 Dodging
 - Level 1.5 Stealth


You had 3 spell levels left.
You didn't know any spells.
Your spell library was empty.

Dungeon Overview and Level Annotations

Branches:
Dungeon (4/15)
 Temple: D:4-7

Altars:
Ashenzari
Makhleb
Qazlal

Shops:
D:3 (

Annotations:
D:2 Sigmund
D:3 Grinder
D:4 Edmund


Innate Abilities, Weirdness & Mutations

You are immune to poison.
Your flesh is cold resistant. (rC+)
You are immune to negative energy. (rN+++)
You are immune to unholy pain and torment.
You are vulnerable to heat. (rF-)
You are in touch with the powers of death.
You do not drink.


Message History

As you read the scroll of teleportation, it crumbles to dust.
You feel strangely unstable.
A kobold comes into view. It is wielding a +0 whip.
Edmund attacks as you move away! Edmund hits you with a +6 vorpal flail.
The giant cockroach attacks as you move away!
The giant cockroach bites you but does no damage.
Your surroundings suddenly seem different.
Found a purple potion.
Found a broken altar of Ashenzari.
A hobgoblin comes into view.
The hobgoblin shouts!
You see here a purple potion.
You hit the hobgoblin but do no damage.
The hobgoblin hits you but does no damage.
You hit the hobgoblin but do no damage.
The hobgoblin hits you but does no damage.
You barely miss the hobgoblin.
The hobgoblin hits you but does no damage.
You hit the hobgoblin.
The hobgoblin is heavily wounded.
The hobgoblin hits you.
You hit the hobgoblin but do no damage.
The hobgoblin is heavily wounded.
The hobgoblin hits you.
You hit the hobgoblin.
You kill the hobgoblin!
There is a broken altar of Ashenzari here.
As you open the door, it creaks loudly!
There is an open door here.
A jelly comes into view.
You hit the jelly. The acid corrodes you!
Your hands burn!
The jelly is lightly wounded.
The jelly hits you. The acid corrodes you!
You are splashed with acid!
Okay, then.
As you read the scroll of teleportation, it crumbles to dust.
You feel strangely unstable. The jelly hits you.
You are splashed with acid!
* * * LOW HITPOINT WARNING * * *
The jelly attacks as you move away! The jelly hits you.
* * * LOW HITPOINT WARNING * * *
The acid corrodes you!
You are splashed with acid!
You die...

***,,,,,,,,,,* *,*******,*
,*,,,*,,,***,* *,,,,<,,,,*
,,*,,,,,,,,,,************,,*
,******,,,,,,,,,,,,,,,,,,,,*
,* *******************,,* ,*
*,,* .* *,,* .*
###########*,,* #*
#..@J......,,,* #
#.#########*,,**** #**** #.#
*,,,,,,* .,,,* #.# *,*,*,,*
#**,* #.# *,*,,,,* #**,*****
#.# *,***,,* .,,,,,,,*
#.#########,,,,,,* ***,***,*
#...#.....#,,***,* ***,* *,*
###.#.♣!♣.#*,***,*


You could see a jelly.

Vanquished Creatures
  5 adders
  4 dart slugs (D:1)
  2 ball pythons
  6 bats
  6 endoplasms
  3 giant cockroaches
  4 goblins
  7 hobgoblins
  4 jackals (D:3)
  5 quokkas
  4 frilled lizards
  5 kobolds
  5 rats
60 creatures vanquished.

Notes
Turn   | Place    | Note
-------+----------+-------------------------------------------
     0 | D:1      | concernfroge the Mummy Monk began the quest for the Orb.
     0 | D:1      | Reached XP level 1. HP: 18/18 MP: 1/1
    98 | D:1      | Reached XP level 2. HP: 17/24 MP: 2/2
   325 | D:1      | Found a faded altar of an unknown god.
   561 | D:1      | Reached skill level 4 in Fighting
  1273 | D:1      | Gained mutation: You are in touch with the powers of death.
                  | [Mummy growth]
  1273 | D:1      | Reached XP level 3. HP: 30/30 MP: 3/3
  2185 | D:2      | You fall into a shaft and drop 1 floor!
  2185 | D:3      | Found a burning altar of Makhleb.
  2328 | D:2      | Reached XP level 4. HP: 37/38 MP: 4/4
  2347 | D:2      | Reached skill level 5 in Fighting
  2670 | D:2      | Noticed Sigmund
  2804 | D:3      | Found Momesaun's Weapon Boutique.
  2890 | D:3      | Noticed Grinder
  2942 | D:4      | Found a stormy altar of Qazlal.
  3186 | D:4      | Identified the +6 mace of Jeirio {venom, *Rage rN++ Str+5}
  3242 | D:4      | Noticed Edmund
  3245 | D:4      | Found a broken altar of Ashenzari.
  3274 | D:4      | Splashed by a jelly's acid

Illustrated notes

Levels and vault maps discovered:
D:1:      minmay_arrival_up_and_down, layout_basic,
          hellmonk_ecumenical_altar_leap_of_faith
D:2:      layout_basic, serial_co_window_serial, co_window_of_opportunity_a,
          co_window_paths_a, co_window_cross_1, co_window_paths_b,
          co_window_paths_a, co_window_corner_a, co_window_corner_a,
          co_window_paths_a, co_window_paths_b, co_window_2corner,
          co_window_unsneaky_path_b, co_window_unsneaky_path_b,
          co_window_paths_e, co_window_4corner_a, glass_columns_b,
          glass_columns_b, uniq_sigmund
D:3:      layout_loops_ring, nicolae_overflow_hidden_temple,
          mainiacjoe_overflow_alcove_2, serial_shops, nicolae_shop_crystal,
          grunt_ministairs_6, uniq_grinder
D:4:      layout_loops_ring, kennysheep_little_box,
          nicolae_qazlal_general_emergency, uniq_edmund

Skill      XL: |  1  2  3  4 |
---------------+-------------+-----
Fighting       | 4 5 |  5.5
Polearms       | |  2.4
Dodging        | |  2.4
Stealth        | |  1.5

Action                   |  1- 3 |  4- 6 || total
-------------------------+-------+-------++-------
Melee: Spear             |   163 |   114 ||   277
       Punch             |     2 |       ||     2
  Use: Scroll            |       |    11 ||    11
 Stab: Sleeping          |     4 |       ||     4
Armor: Robe              |    15 |       ||    15
       Ring mail         |    17 |       ||    17
       Chain mail        |       |    95 ||    95
Dodge: Dodged            |    71 |    57 ||   128

Table legend: (Time is in decaauts)
 A = Elapsed time spent in this place.
 B = Non-inter-level travel time spent in this place.
 C = Inter-level travel time spent in this place.
 D = Time resting spent in this place.
 E = Time spent auto-exploring this place.
 F = Levels seen in this place.
 G = Mean time per level.
                   A        B        C        D        E       F      G
               +--------+--------+--------+--------+--------+-----+--------+
         Total |   3267 |   3133 |    134 |      0 |   2539 |   4 |  816.8 |
       Dungeon |   3267 |   3133 |    134 |      0 |   2539 |   4 |  816.8 |
               +--------+--------+--------+--------+--------+-----+--------+

Top non-repeatable levels by time:
     D:1: 1469 daAuts
     D:2: 1121 daAuts
     D:3: 345 daAuts
     D:4: 330 daAuts
